Map: Acid Plant LE

Players

Scarlett - Winner!

  • Race: Zerg Zerg
  • Spawn Location: 5:00

Leenock

  • Race: Zerg Zerg
  • Spawn Location: 11:00

Event: IEM Season 12 - Katowice

VOD

Have the link to the VOD?

Description

Time

  • Played on: Feb. 26, 2018, 11:05 a.m.
  • Length: 14:15

All games in this series

Show
View Real Time Build Order
Export as new Build Order

Scarlett Zerg - Winner!

Build Orders: Hatch First, Zergling Baneling 

Get SALT Encoding   

  12  0:00  Drone  
  13  0:12  Overlord  
  13  0:16  Drone  
  14  0:30  Drone x2  
  14  0:34  Drone  
  17  0:50  Hatchery  
  17  0:53  Drone  
  17  0:58  Drone  
  17  1:02  Extractor  
  17  1:12  Spawning Pool  
  17  1:15  Drone  
  17  1:18  Drone  
  18  1:27  Drone  
  19  1:38  Drone  
  20  1:50  Overlord  
  20  1:59  Queen  
  22  2:01  Queen  
  22  2:03  Zergling x2, Metabolic Boost  
  25  2:09  Drone  
  25  2:12  Drone  
  25  2:13  Drone  
  28  2:21  Drone  
  29  2:27  Drone  
  30  2:32  Drone  
  30  2:34  Queen  
  33  2:43  Hatchery  
  32  2:48  Overlord  
  32  2:54  Baneling Nest  
  32  2:56  Zergling x2  
  32  2:58  Drone  
  33  3:01  Drone  
  33  3:02  Drone  
  35  3:06  Drone  
  35  3:09  Drone x2  
  37  3:13  Zergling x2  
  37  3:19  Zergling x4  
  40  3:21  Zergling x2  
  41  3:29  Overlord  
  41  3:31  Zergling x2  
  42  3:37  Baneling x2  
  42  3:40  Zergling x4  
  44  3:50  Zergling x12  
  49  3:58  Zergling x4  
  45  4:04  Zergling x2  
  45  4:05  Queen  
  48  4:10  Zergling x8  
  48  4:14  Queen  
  48  4:17  Baneling x2  
  48  4:21  Drone x2  
  50  4:27  Hatchery  
  50  4:28  Drone  
  50  4:29  Drone  
  51  4:33  Evolution Chamber  
  51  4:37  Baneling x5  
  48  4:38  Drone  
  48  4:41  Queen  
  48  4:42  Overlord  
  48  4:58  Queen  
  48  5:00  Roach Warren, Extractor  
  48  5:02  Zergling x4  
  48  5:03  Baneling  
  48  5:04  Baneling  
  48  5:06  Drone x2, Zerg Missile Weapons Level 1  
  50  5:12  Zergling x2  
  50  5:13  Zergling x2  
  50  5:18  Zergling x4  
  51  5:21  Zergling x2  
  51  5:25  Queen  
  54  5:32  Baneling x2  
  54  5:33  Zergling x10  
  53  5:38  Baneling  
  53  5:39  Zergling x4  
  51  5:44  Drone  
  51  5:49  Drone  
  53  5:54  Drone x2  
  53  5:56  Roach x3  
  61  5:57  Overlord  
  61  6:00  Overlord, Baneling  
  61  6:02  Drone  
  62  6:14  Drone, Overlord  
  62  6:15  Drone  
  62  6:16  Baneling  
  62  6:17  Baneling  
  64  6:23  Baneling x3  
  63  6:31  Queen  
  60  6:38  Drone  
  60  6:39  Drone x8  
  65  6:55  Roach  
  65  6:56  Lair  
  65  6:58  Extractor  
  65  7:00  Drone x2  
  66  7:01  Drone  
  66  7:03  Roach x3, Zergling x2  
  66  7:06  Roach  
  75  7:09  Roach  
  75  7:10  Queen  
  75  7:13  Spine Crawler  
  75  7:14  Roach  
  80  7:27  Roach x3, Zergling x8  
  87  7:32  Overlord x2  
  87  7:42  Drone  
  87  7:43  Drone x2  
  85  7:52  Drone x7  
  85  7:54  Ravager  
  85  7:56  Zerg Missile Weapons Level 2  
  85  7:58  Evolution Chamber  
  90  8:05  Drone x6  
  96  8:07  Extractor  
  96  8:08  Glial Reconstitution  
  95  8:17  Drone  
  95  8:18  Drone x4  
  96  8:35  Drone x2, Overlord  
  96  8:36  Drone  
  96  8:38  Extractor  
  98  8:41  Extractor  
  98  8:42  Drone  
  98  8:43  Drone x2  
  98  8:46  Roach x2, Zerg Ground Armor Level 1  
  98  8:47  Overlord x2  
  98  8:48  Overlord x2  
  104  8:50  Hatchery  
  104  8:55  Overlord x2  
  103  8:58  Ravager x2  
  103  8:59  Ravager x2  
  107  9:06  Overlord x3  
  107  9:07  Hydralisk Den  
  106  9:11  Roach x2  
  110  9:20  Overseer  
  110  9:22  Roach x5  
  120  9:31  Extractor  
  119  9:33  Overlord  
  119  9:34  Overlord  
  119  9:35  Drone x3  
  122  9:41  Overlord  
  122  9:42  Roach x4  
  130  9:46  Roach  
  130  9:47  Roach  
  130  9:51  Roach  
  130  9:52  Ravager x3  
  139  9:54  Roach  
  139  9:55  Roach x2  
  139  9:59  Roach x2  
  149  10:06  Roach x2  
  153  10:11  Roach x3  
  141  10:15  Roach  
  141  10:16  Roach x4  
  142  10:21  Roach x3  
  142  10:27  Roach x2  
  139  10:37  Roach x6  
  139  10:39  Roach  
  139  10:40  Roach x2  
  139  10:41  Roach  
  159  10:45  Roach  
  159  10:49  Roach x2  
  165  10:54  Ravager  
  165  10:55  Ravager x3  
  165  10:56  Ravager  
  170  10:58  Roach x4  
  178  11:06  Hydralisk x2  
  170  11:14  Hydralisk x4  
  170  11:17  Queen  
  173  11:19  Extractor  
  173  11:22  Grooved Spines  
  173  11:23  Hydralisk  
  152  11:37  Hydralisk  
  152  11:38  Hydralisk x5  
  154  11:42  Hydralisk  
  149  11:51  Hydralisk x4  
  132  12:03  Roach x10  
  142  12:15  Spore Crawler  
  142  12:20  Roach x7  
  155  12:31  Roach  
  155  12:32  Roach x5  
  155  12:34  Muscular Augments  
  167  12:39  Roach x4  
  175  12:53  Roach x6  
  175  12:54  Ravager x2  
  175  12:55  Ravager x3  
  175  12:56  Ravager  
  175  12:58  Ravager  
  188  13:07  Roach  
  188  13:08  Roach x5  
  200  13:14  Overlord x2  
Show
View Real Time Build Order
Export as new Build Order

Leenock Zerg 

Build Orders: Hatch First 

Get SALT Encoding   

  12  0:00  Drone  
  13  0:12  Overlord  
  13  0:17  Drone  
  14  0:30  Drone x2  
  14  0:34  Drone  
  17  0:51  Hatchery  
  17  0:55  Drone  
  17  0:58  Drone  
  18  1:06  Extractor  
  17  1:13  Spawning Pool  
  17  1:16  Drone  
  17  1:19  Drone  
  18  1:28  Drone  
  19  1:38  Overlord  
  19  1:51  Drone  
  20  1:59  Queen  
  20  2:00  Drone  
  23  2:02  Queen  
  25  2:09  Metabolic Boost  
  25  2:10  Drone x2  
  25  2:14  Drone  
  28  2:31  Hatchery  
  28  2:36  Queen  
  29  2:41  Overlord  
  29  2:43  Zergling x2  
  30  2:45  Zergling x2  
  30  2:48  Zergling x2  
  32  2:52  Zergling x2  
  32  2:53  Zergling x2  
  32  2:57  Overlord  
  34  2:59  Zergling x2  
  35  3:05  Zergling x2  
  35  3:07  Zergling x2  
  35  3:10  Zergling x4  
  35  3:11  Zergling x2  
  40  3:13  Zergling x2  
  40  3:16  Zergling x2  
  43  3:20  Zergling x4  
  43  3:26  Baneling Nest  
  43  3:27  Zergling x2  
  43  3:31  Zergling x2  
  43  3:33  Zergling x2  
  46  3:47  Zergling x2  
  46  3:48  Zergling x2  
  47  3:50  Drone x4  
  47  3:55  Drone  
  48  3:56  Drone  
  45  4:04  Drone x2  
  45  4:05  Drone  
  45  4:06  Zergling x2  
  45  4:08  Zergling x2  
  48  4:10  Zergling x2  
  48  4:15  Zergling x2  
  45  4:17  Zergling x2  
  45  4:18  Baneling  
  45  4:25  Zergling x2  
  45  4:26  Zergling x2  
  45  4:27  Zergling x2  
  47  4:35  Zergling x4  
  47  4:36  Baneling x2  
  47  4:38  Zergling x2  
  48  4:41  Zergling x2  
  48  4:44  Zergling x2  
  48  4:46  Zergling x2  
  48  4:47  Zergling x2  
  48  4:49  Zergling x10  
  48  4:51  Zergling x2  
  53  4:57  Zergling x4  
  53  4:58  Baneling x2, Zergling x2  
  53  4:59  Zergling x2  
  56  5:03  Drone  
  56  5:05  Baneling  
  56  5:06  Baneling x3  
  56  5:15  Overlord  
  56  5:16  Drone, Overlord  
  53  5:32  Zergling x4  
  53  5:33  Zergling x12  
  53  5:34  Zergling x2  
  55  5:38  Zergling x2  
  55  5:39  Drone  
  55  5:40  Drone x4  
  55  5:41  Drone  
  55  5:42  Drone  
  62  5:44  Zergling x2  
  61  5:50  Extractor  
  61  5:52  Roach Warren  
  61  5:53  Baneling  
  61  5:54  Baneling x3  
  61  5:56  Baneling x2  
  61  5:57  Baneling  
  59  5:58  Baneling  
  59  6:00  Drone  
  59  6:01  Drone  
  61  6:07  Drone x2  
  61  6:08  Evolution Chamber  
  59  6:32  Roach  
  57  6:33  Roach x3, Zergling x18  
  57  6:37  Extractor  
  66  6:42  Drone  
  66  6:43  Drone x6  
  68  6:56  Drone x3  
  71  7:03  Zerg Missile Weapons Level 1  
  71  7:05  Drone  
  71  7:06  Drone x2  
  74  7:09  Overlord  
  74  7:19  Lair  
  73  7:29  Overlord  
  69  7:30  Drone  
  69  7:31  Drone x5, Queen  
  69  7:36  Overlord  
  77  7:38  Roach x2  
  80  7:48  Roach  
  80  7:49  Roach  
  80  7:50  Roach x3, Overlord x2  
  89  7:53  Roach  
  89  7:56  Roach  
  89  7:58  Roach  
  90  8:00  Roach  
  90  8:05  Overlord  
  92  8:07  Extractor  
  92  8:10  Overlord  
  91  8:16  Glial Reconstitution  
  91  8:17  Drone x3  
  94  8:21  Roach x3  
  94  8:22  Roach x2  
  94  8:24  Ravager  
  105  8:30  Roach x2  
  105  8:32  Roach  
  109  8:34  Roach  
  110  8:41  Drone x4  
  110  8:43  Drone x2  
  110  8:44  Drone x2  
  110  8:45  Extractor  
  116  8:51  Overseer  
  116  8:57  Zerg Missile Weapons Level 2  
  116  8:58  Overlord x2  
  116  8:59  Overlord  
  116  9:01  Hatchery  
  116  9:02  Overlord  
  115  9:05  Overlord  
  115  9:11  Extractor  
  115  9:16  Roach x2, Spire  
  117  9:19  Roach  
  117  9:20  Roach  
  121  9:24  Roach x2  
  121  9:26  Roach  
  121  9:28  Roach  
  129  9:31  Drone x2  
  129  9:34  Roach  
  129  9:35  Roach x2  
  129  9:37  Roach  
  139  9:41  Roach  
  139  9:42  Roach x2  
  139  9:45  Roach  
  147  9:50  Overlord x2  
  145  10:12  Roach  
  145  10:13  Roach x2  
  137  10:17  Roach x2  
  137  10:18  Roach x5  
  137  10:20  Roach x2  
  137  10:21  Roach  
  141  10:22  Roach  
  129  10:30  Mutalisk x4  
  129  10:32  Drone x4  
  139  10:39  Mutalisk  
  139  10:41  Drone x2  
  141  10:43  Drone x2  
  141  10:44  Drone x2  
  141  10:45  Drone  
  141  10:49  Unknown x2  
  146  10:50  Ravager x2  
  146  10:52  Ravager  
  149  10:59  Drone x2  
  149  11:00  Drone  
  152  11:11  Roach x4  
  139  11:13  Roach  
  139  11:15  Roach  
  139  11:16  Roach x4  
  139  11:17  Roach  
  143  11:19  Roach  
  143  11:20  Roach  
  143  11:24  Roach  
  143  11:26  Roach x2  
  138  11:38  Roach x3  
  138  11:39  Roach  
  117  11:44  Roach  
  117  11:46  Roach  
  112  11:48  Roach  
  112  11:50  Roach  
  102  11:57  Roach  
  94  12:04  Roach x3  
  94  12:06  Roach  
  98  12:10  Roach x2  
  98  12:11  Roach  
  101  12:18  Roach x2  
  101  12:21  Roach x2, Hydralisk Den  
  108  12:26  Extractor  
  108  12:28  Roach  
  108  12:29  Roach  
  111  12:32  Roach x2  
  112  12:37  Roach, Queen  
  112  12:38  Queen  
  112  12:39  Roach  
  112  12:41  Roach  
  112  12:42  Ravager x4  
  112  12:43  Roach  
  128  12:48  Roach x2  
  128  12:49  Roach  
  134  12:52  Roach x3  
  134  12:54  Roach  
  142  13:04  Roach  
  144  13:07  Ravager  
  144  13:08  Roach x4  
  144  13:09  Roach  
  144  13:10  Roach  
  159  13:13  Roach  
  159  13:17  Roach  
  159  13:18  Roach x2  
  159  13:19  Roach  
  167  13:23  Overlord x3  
  167  13:25  Roach  
  169  13:31  Roach  
  169  13:33  Roach x2  
  175  13:34  Overlord x2  
  175  13:35  Overlord  
  163  13:44  Roach  
  163  13:48  Roach  
  149  13:50  Roach x2  
  149  13:53  Roach x2  
  149  13:55  Roach  

Tags
 
Add a new tag
Caveats
  • Supply blocks, unpowered buildings, or Contaminate may cause inaccurate times.
  • Supply counts are checked every 10 seconds.